Workbook

Sheet Приложение 1
C1: Приложение1 к Решению Совета депутатов Набережного сельского поселения Ромодановского муниципального района Республики Мордовия "О бюджете Набережного сельского поселения Ромодановского муниципального района Республики Мордовия на 2022 год и плановый период 2023 и 2024 годов"от 29.12.2021г. № 2
A6: ОБЪЕМ БЕЗВОЗМЕЗДНЫХ ПОСТУПЛЕНИЙ В БЮДЖЕТ НАБЕРЕЖНОГО СЕЛЬСКОГО ПОСЕЛЕНИЯ РОМОДАНОВСКОГО МУНИЦИПАЛЬНОГО РАЙОНА РЕСПУБЛИКИ МОРДОВИЯ НА 2022 ГОД И НА ПЛАНОВЫЙ ПЕРИОД 2023 И 2024 ГОДОВ
E7: (тыс. рублей)
A8: Код | B8: Наименование | C8: Сумма
C9: 2022 год | D9: 2023 год | E9: 2024 год
A10: 1 | B10: 2 | C10: 3 | D10: 4 | E10: 5
A11: 2 00 00000 00 0000 000 | B11: БЕЗВОЗМЕЗДНЫЕ ПОСТУПЛЕНИЯ | C11: =C12 -> 1870.1 | D11: =D12 -> 664.6 | E11: =E12 -> 701
A12: 2 02 00000 00 0000 000 | B12: Безвозмездные поступления от других бюджетов бюджетной системы Российской Федерации | C12: =C13+C18+C21+C26+C29 -> 1870.1 | D12: =D13+D18+D21+D26 -> 664.6 | E12: =E13+E18+E21+E26 -> 701
A13: 2 02 10000 00 0000 150 | B13: Дотации бюджетам бюджетной системы Российской Федерации | C13: =C14+C16 -> 691.9 | D13: =D14+D16 -> 306.6 | E13: =E14+E16 -> 339.8
A14: 2 02 15001 00 0000 150 | B14: Дотации на выравнивание бюджетной обеспеченности | C14: =C15 -> 345.8 | D14: =D15 -> 306.6 | E14: =E15 -> 339.8
A15: 2 02 15001 10 0000 150 | B15: Дотации бюджетам сельских поселений на выравнивание бюджетной обеспеченности из бюджета субъекта Российской Федерации | C15: 345.8 | D15: 306.6 | E15: 339.8
A16: 2 02 15002 00 0000 150 | B16: Дотации бюджетам на поддержку мер по обеспечению сбалансированности бюджетов | C16: =C17 -> 346.1 | D16: =D17 -> 0 | E16: =E17 -> 0
A17: 2 02 15002 10 0000 150 | B17: Дотации бюджетам сельских поселений на поддержку мер по обеспечению сбалансированности бюджетов | C17: 346.1
A18: 2 02 20000 00 0000 150 | B18: Субсидии бюджетам бюджетной системы Российской Федерации (межбюджетные субсидии) | C18: =+C19 -> 404.7 | D18: =+D19 -> 0
A19: 2 02 29999 00 0000 150 | B19: Прочие субсидии | C19: =C20 -> 404.7 | D19: =D20 -> 0 | E19: =E20 -> 0
A20: 2 02 29999 10 0000 150 | B20: Прочие субсидии бюджетам сельских поселений | C20: 404.7
A21: 2 02 30000 00 0000 150 | B21: Субвенции бюджетам бюджетной системы Российской Федерации | C21: =C22+C24 -> 95.5 | D21: =D22+D24 -> 93 | E21: =E22+E24 -> 96.2
A22: 2 02 30024 00 0000 150 | B22: Субвенции местным бюджетам на выполнение передаваемых полномочий субъектов Российской Федерации | C22: =C23 -> 0.2 | D22: =D23 -> 0.2 | E22: =E23 -> 0.2
A23: 2 02 30024 10 0000 150 | B23: Субвенции бюджетам сельских поселений на выполнение передаваемых полномочий субъектов Российской Федерации | C23: 0.2 | D23: 0.2 | E23: 0.2
A24: 2 02 35118 00 0000 150 | B24: Субвенции бюджетам на осуществление первичного воинского учета органами местного самоуправления поселений,муниципальных и городских округов | C24: =C25 -> 95.3 | D24: =D25 -> 92.8 | E24: =E25 -> 96
A25: 2 02 35118 10 0000 150 | B25: Субвенции бюджетам сельских поселений на осуществление первичного воинского учета органами местного самоуправления поселений,муниципальных и городских округов | C25: 95.3 | D25: 92.8 | E25: 96
A26: 2 02 40000 00 0000 150 | B26: Иные межбюджетные трансферты | C26: =C27 -> 606 | D26: =D27 -> 265 | E26: =E27 -> 265
A27: 2 02 40014 00 0000 150 | B27: Межбюджетные трансферты, передаваемые бюджетам муниципальных образований на осуществление части полномочий по решению вопросов местного значения в соответствии с заключенными соглашениями | C27: =C28 -> 606 | D27: =D28 -> 265 | E27: =E28 -> 265
A28: 2 02 40014 10 0000 150 | B28: Межбюджетные трансферты, передаваемые бюджетам сельских поселений из бюджетов муниципальных районов на осуществление части полномочий по решению вопросов местного значения в соответствии с заключенными соглашениями | C28: 606 | D28: 265 | E28: 265
A29: 2 07 00000 00 0000 000 | B29: ПРОЧИЕ БЕЗВОЗМЕЗДНЫЕ ПОСТУПЛЕНИЯ | C29: 72
A30: 2 07 05030 10 0000 150 | B30: Прочие безвозмездные поступления в бюджеты сельских поселений | C30: 72

Sheet Приложение 2
I1: Приложение 2 к решению Совета депутатов Набережного сельского поселения Ромодановского муниципального района Республики Мордовия "О бюджете Набережного сельского поселения Ромодановского муниципального района Республики Мордовия на 2022 год и на плановый период 2023 и 2024 годов»от 29.12.2021г. № 2
A2: ВЕДОМСТВЕННАЯ СТРУКТУРА РАСХОДОВ БЮДЖЕТА НАБЕРЕЖНОГО СЕЛЬСКОГО ПОСЕЛЕНИЯ РОМОДАНОВСКОГО МУНИЦИПАЛЬНОГО РАЙОНА РЕСПУБЛИКИ МОРДОВИЯ НА 2022 ГОД И НА ПЛАНОВЫЙ ПЕРИОД 2023 И 2024 ГОДОВ
I3: (тыс. рублей)
A4: Наименование | B4: Адм | C4: Рз | D4: Прз | E4: Цср | I4: Вр | J4: Сумма
J5: 2022 год | K5: 2023 год | L5: 2024 год
A6: 1 | B6: 2 | C6: 3 | D6: 4 | E6: 5 | F6: 6 | G6: 7 | H6: 8 | I6: 9 | J6: 10 | K6: 11 | L6: 12
A7: ВСЕГО | J7: =J8 -> 2662.6 | K7: =K8 -> 1279.2 | L7: =L8 -> 1326.1
A8: Администрация Набережного сельского поселения Ромодановского муниципального района Республики Мордовия | B8: 919 | J8: =J9+J50+J60+J78+J96 -> 2662.6 | K8: =K9+K50+K60+K78+K96+K103+K33+K25 -> 1279.2 | L8: =L9+L50+L60+L78+L96+L103+L25 -> 1326.1
A9: Общегосударственные вопросы | B9: 919 | C9: 01 | J9: =J10+J19+J38+J44 -> 1245 | K9: =K10+K19+K38 -> 488.5 | L9: =L10+L19+L38 -> 500.6
A10: Функционирование высшего должностного лица субъекта Российской Федерации и муниципального образования | B10: 919 | C10: 01 | D10: 02 | J10: =J11+J16 -> 503.5 | K10: =K11 -> 220 | L10: =L11 -> 213.7
A11: Обеспечение деятельности аппарата Администрации Набережного сельского поселения Ромодановского муниципального района Республики Мордовия | B11: 919 | C11: 01 | D11: 02 | E11: 65 | F11: 0 | J11: =J12 -> 239.5 | K11: =K12 -> 220 | L11: =L12 -> 213.7
A12: Высшее должностное лицо | B12: 919 | C12: 01 | D12: 02 | E12: 65 | F12: 1 | J12: =J13 -> 239.5 | K12: =K13 -> 220 | L12: =L13 -> 213.7
A13: Расходы на выплаты по оплате труда высшего должностного лица | B13: 919 | C13: 01 | D13: 02 | E13: 65 | F13: 1 | G13: 00 | H13: 41150 | J13: =J14 -> 239.5 | K13: =K14 -> 220 | L13: =L14 -> 213.7
A14: Расходы на выплаты персоналу в целях обеспечения выполнения функций государственными (муниципальными) органами, казенными учреждениями, органами управления государственными внебюджетными фондами | B14: 919 | C14: 01 | D14: 02 | E14: 65 | F14: 1 | G14: 00 | H14: 41150 | I14: 100 | J14: =J15 -> 239.5 | K14: =K15 -> 220 | L14: =L15 -> 213.7
A15: Расходы на выплаты персоналу государственных (муниципальных) органов | B15: 919 | C15: 01 | D15: 02 | E15: 65 | F15: 1 | G15: 00 | H15: 41150 | I15: 120 | J15: 239.5 | K15: 220 | L15: 213.7
A16: =A30 -> Субсидии на софинансирование расходных обязательств по финансовому обеспечению деятельности органов местного самоуправления и муниципальных учреждений | B16: 919 | C16: 01 | D16: 02 | E16: 65 | F16: 1 | G16: 00 | H16: 44205 | J16: =J17 -> 264
A17: =A31 -> Расходы на выплаты персоналу в целях обеспечения выполнения функций государственными (муниципальными),органами, казенными учреждениями, органами управления государственными . внебюджетными фондами | B17: 919 | C17: 01 | D17: 02 | E17: 65 | F17: 1 | G17: 00 | H17: 44205 | I17: 100 | J17: =J18 -> 264
A18: =A32 -> Расходы на выплаты персоналу государственных (муниципальных)органов | B18: 919 | C18: 01 | D18: 02 | E18: 65 | F18: 1 | G18: 00 | H18: 44205 | I18: 120 | J18: 264
A19: Функционирование Правительства Российской Федерации, высших исполнительных органов государственной власти субъектов Российской Федерации, местных администраций | B19: 919 | C19: 01 | D19: 04 | J19: =J20+J33+J30+J25 -> 694.5 | K19: =K20 -> 263.5 | L19: =L20+L33 -> 281.9
A20: =A11 -> Обеспечение деятельности аппарата Администрации Набережного сельского поселения Ромодановского муниципального района Республики Мордовия | B20: 919 | C20: 01 | D20: 04 | E20: 65 | F20: 0 | J20: =J21 -> 178.4 | K20: =K21 -> 263.5 | L20: =L21 -> 281.7
A21: Обеспечение деятельности Администрации сельского поселения | B21: 919 | C21: 01 | D21: 04 | E21: 65 | F21: 2 | J21: =J22 -> 178.4 | K21: =K22 -> 263.5 | L21: =L22 -> 281.7
A22: Расходы на выплаты по оплате труда работников органов местного самоуправления | B22: 919 | C22: 01 | D22: 04 | E22: 65 | F22: 2 | G22: 00 | H22: 41110 | J22: =J23 -> 178.4 | K22: =K23 -> 263.5 | L22: =L23 -> 281.7
A23: Расходы на выплаты персоналу в целях обеспечения выполнения функций государственными (муниципальными) органами, казенными учреждениями, органами управления государственными внебюджетными фондами | B23: 919 | C23: 01 | D23: 04 | E23: 65 | F23: 2 | G23: 00 | H23: 41110 | I23: 100 | J23: =J24 -> 178.4 | K23: =K24 -> 263.5 | L23: =L24 -> 281.7
A24: Расходы на выплаты персоналу государственных (муниципальных) органов | B24: 919 | C24: 01 | D24: 04 | E24: 65 | F24: 2 | G24: 00 | H24: 41110 | I24: 120 | J24: 178.4 | K24: 263.5 | L24: 281.7
A25: Расходы на обеспечение функций органов местного самоуправления | B25: 919 | C25: 01 | D25: 04 | E25: 65 | F25: 2 | G25: 00 | H25: 41120 | J25: =J26+J28 -> 426.1 | K25: =K26+K28 -> 115 | L25: =L26+L28 -> 115
A26: Закупка товаров, работ и услуг для государственных (муниципальных) нужд | B26: 919 | C26: 01 | D26: 04 | E26: 65 | F26: 2 | G26: 00 | H26: 41120 | I26: 200 | J26: =J27 -> 425.4 | K26: =K27 -> 110 | L26: =L27 -> 110
A27: Иные закупки товаров, работ и услуг для обеспечения государственных (муниципальных) нужд | B27: 919 | C27: 01 | D27: 04 | E27: 65 | F27: 2 | G27: 00 | H27: 41120 | I27: 240 | J27: 425.4 | K27: 110 | L27: 110
A28: Иные бюджетные ассигнования | B28: 919 | C28: 01 | D28: 04 | E28: 65 | F28: 2 | G28: 00 | H28: 41120 | I28: 800 | J28: =J29 -> 0.7 | K28: =K29 -> 5 | L28: =L29 -> 5
A29: Уплата налогов, сборов и иных платежей | B29: 919 | C29: 01 | D29: 04 | E29: 65 | F29: 2 | G29: 00 | H29: 41120 | I29: 850 | J29: 0.7 | K29: 5 | L29: 5
A30: Субсидии на софинансирование расходных обязательств по финансовому обеспечению деятельности органов местного самоуправления и муниципальных учреждений | B30: 919 | C30: 01 | D30: 04 | E30: 65 | F30: 2 | G30: 00 | H30: 44205 | J30: =J31 -> 89.8
A31: Расходы на выплаты персоналу в целях обеспечения выполнения функций государственными (муниципальными),органами, казенными учреждениями, органами управления государственными . внебюджетными фондами | B31: 919 | C31: 01 | D31: 04 | E31: 65 | F31: 2 | G31: 00 | H31: 44205 | I31: 100 | J31: =J32 -> 89.8
A32: Расходы на выплаты персоналу государственных (муниципальных)органов | B32: 919 | C32: 01 | D32: 04 | E32: 65 | F32: 2 | G32: 00 | H32: 44205 | I32: 120 | J32: 89.8
A33: Непрограммные расходы главных распорядителей бюджетных средств Набережного сельского поселения Ромодановского муниципального района Республики Мордовия | B33: 919 | C33: 01 | D33: 04 | E33: 89 | F33: 0 | J33: =J34 -> 0.2 | K33: =K34 -> 0.2 | L33: =L34 -> 0.2
A34: Непрограммные расходы в рамках обеспечения деятельности главных распорядителей бюджетных средств Набережного сельского поселения Ромодановского муниципального района Республики Мордовия | B34: 919 | C34: 01 | D34: 04 | E34: 89 | F34: 1 | J34: =J35 -> 0.2 | K34: =K35 -> 0.2 | L34: =L35 -> 0.2
A35: Осуществление государственных полномочий Республики Мордовия по определению перечня должностных лиц, уполномоченных составлять протоколы об административных правонарушениях, предусмотренных Законом Республики Мордовия от 15 июня 2015 года № 38-З "Об административной ответственности на территории Республики Мордовия" | B35: 919 | C35: 01 | D35: 04 | E35: 89 | F35: 1 | G35: 00 | H35: 77150 | J35: =J36 -> 0.2 | K35: =K36 -> 0.2 | L35: =L36 -> 0.2
A36: Закупка товаров, работ и услуг для обеспечения государственных (муниципальных) нужд | B36: 919 | C36: 01 | D36: 04 | E36: 89 | F36: 1 | G36: 00 | H36: 77150 | I36: 200 | J36: =J37 -> 0.2 | K36: =K37 -> 0.2 | L36: =L37 -> 0.2
A37: Иные закупки товаров, работ и услуг для обеспечения государственных (муниципальных) нужд | B37: 919 | C37: 01 | D37: 04 | E37: 89 | F37: 1 | G37: 00 | H37: 77150 | I37: 240 | J37: 0.2 | K37: 0.2 | L37: 0.2
A38: Резервные фонды | B38: 919 | C38: 01 | D38: 11 | J38: =J39 -> 0 | K38: =K39 -> 5 | L38: =L39 -> 5
A39: Непрограммные расходы главных распорядителей бюджетных средств Набережного сельского поселения Ромодановского муниципального района Республики Мордовия | B39: 919 | C39: 01 | D39: 11 | E39: 89 | F39: 0 | J39: =J40 -> 0 | K39: =K40 -> 5 | L39: =L40 -> 5
A40: Непрограммные расходы в рамках обеспечения деятельности главных распорядителей бюджетных средств Набережного сельского поселения Ромодановского муниципального района Республики Мордовия | B40: 919 | C40: 01 | D40: 11 | E40: 89 | F40: 1 | J40: =J41 -> 0 | K40: =K41 -> 5 | L40: =L41 -> 5
A41: Резервный фонд Администрации Набережного сельского поселения Ромодановского муниципального района Республики Мордовия | B41: 919 | C41: 01 | D41: 11 | E41: 89 | F41: 1 | G41: 00 | H41: 41180 | J41: =J43 -> 0 | K41: =K43 -> 5 | L41: =L43 -> 5
A42: Иные бюджетные ассигнования | B42: 919 | C42: 01 | D42: 11 | E42: 89 | F42: 1 | G42: 00 | H42: 41180 | I42: 800 | J42: =J43 -> 0 | K42: =K43 -> 5 | L42: =L43 -> 5
A43: Резервные средства | B43: 919 | C43: 01 | D43: 11 | E43: 89 | F43: 1 | G43: 00 | H43: 41180 | I43: 870 | K43: 5 | L43: 5
A44: Другие общегосударственные вопросы | B44: 919 | C44: 01 | D44: 13 | J44: =J45 -> 47
A45: =A39 -> Непрограммные расходы главных распорядителей бюджетных средств Набережного сельского поселения Ромодановского муниципального района Республики Мордовия | B45: 919 | C45: 01 | D45: 13 | E45: 89 | F45: 0 | J45: =J46 -> 47
A46: =A40 -> Непрограммные расходы в рамках обеспечения деятельности главных распорядителей бюджетных средств Набережного сельского поселения Ромодановского муниципального района Республики Мордовия | B46: 919 | C46: 01 | D46: 13 | E46: 89 | F46: 1 | J46: =J47 -> 47
A47: оценка недвижимости,признание прав и регулирование отношенений по муниципальной собственности | B47: 919 | C47: 01 | D47: 13 | E47: 89 | F47: 1 | G47: 00 | H47: 42200 | J47: =J48 -> 47
A48: =A58 -> Закупка товаров, работ и услуг для государственных (муниципальных) нужд | B48: 919 | C48: 01 | D48: 13 | E48: 89 | F48: 1 | G48: 00 | H48: 42200 | I48: 200 | J48: =J49 -> 47
A49: =A59 -> Иные закупки товаров, работ и услуг для обеспечения государственных (муниципальных) нужд | B49: 919 | C49: 01 | D49: 13 | E49: 89 | F49: 1 | G49: 00 | H49: 42200 | I49: 240 | J49: 47
A50: Национальная оборона | B50: 919 | C50: 02 | J50: =J51 -> 95.3 | K50: =K51 -> 92.8 | L50: =L51 -> 96
A51: Мобилизация и вневойсковая подготовка | B51: 919 | C51: 02 | D51: 03 | J51: =J52 -> 95.3 | K51: =K52 -> 92.8 | L51: =L52 -> 96
A52: Государственная программа повышения эффективности управления государственными финансами в Республике Мордовия | B52: 919 | C52: 02 | D52: 03 | E52: 17 | F52: 0 | J52: =J53 -> 95.3 | K52: =K53 -> 92.8 | L52: =L53 -> 96
A53: Подпрограмма "Повышения эффективности межбюджетных отношений" | B53: 919 | C53: 02 | D53: 03 | E53: 17 | F53: 3 | J53: =J54 -> 95.3 | K53: =K54 -> 92.8 | L53: =L54 -> 96
A54: Основное мероприятие: "Обеспечение осуществления органами местного самоуправления отдельных государственных полномочий" | B54: 919 | C54: 02 | D54: 03 | E54: 17 | F54: 3 | G54: 02 | J54: =J55 -> 95.3 | K54: =K55 -> 92.8 | L54: =L55 -> 96
A55: Осуществление государственных полномочий Российской Федерации по первичному воинскому учету на территориях,где отсуствуют военные комиссариаты | B55: 919 | C55: 02 | D55: 03 | E55: 17 | F55: 3 | G55: 02 | H55: 51180 | J55: =J58+J56 -> 95.3 | K55: =K58+K56 -> 92.8 | L55: =L58+L56 -> 96
A56: Расходы на выплаты персоналу в целях обеспечения выполнения функций государственными (муниципальными) органами, казенными учреждениями, органами управления государственными внебюджетными фондами | B56: 919 | C56: 02 | D56: 03 | E56: 17 | F56: 3 | G56: 02 | H56: 51180 | I56: 100 | J56: =J57 -> 91.9 | K56: =K57 -> 87.8 | L56: =L57 -> 91
A57: Расходы на выплаты персоналу государственных (муниципальных) органов | B57: 919 | C57: 02 | D57: 03 | E57: 17 | F57: 3 | G57: 02 | H57: 51180 | I57: 120 | J57: 91.9 | K57: 87.8 | L57: 91
A58: Закупка товаров, работ и услуг для государственных (муниципальных) нужд | B58: 919 | C58: 02 | D58: 03 | E58: 17 | F58: 3 | G58: 02 | H58: 51180 | I58: 200 | J58: =J59 -> 3.4 | K58: =K59 -> 5 | L58: =L59 -> 5
A59: Иные закупки товаров, работ и услуг для обеспечения государственных (муниципальных) нужд | B59: 919 | C59: 02 | D59: 03 | E59: 17 | F59: 3 | G59: 02 | H59: 51180 | I59: 240 | J59: 3.4 | K59: 5 | L59: 5
A60: Национальная экономика | B60: 919 | C60: 04 | J60: =J61+J69 -> 725.6 | K60: =K61+K69 -> 265 | L60: =L61+L69 -> 265
A61: Дорожное хозяйство (дорожные фонды) | B61: 919 | C61: 04 | D61: 09 | J61: =J62 -> 323.6 | K61: =K62 -> 265 | L61: =L62 -> 265
A62: Муниципальная программа «Комплексного развития транспортной инфраструктуры Набережного сельского поселения Ромодановского муниципального района Республики Мордовия на 2018- 2028 года" | B62: 919 | C62: 04 | D62: 09 | E62: 10 | F62: 0 | J62: =J66 -> 323.6 | K62: =K66 -> 265 | L62: =L66 -> 265
A63: Подпрограмма "Комплекного развития транспортной инфраструктуры Набережного сельского поселения Ромодановского муниципального района Республики Мордовия на 2018-2028гг" | B63: 919 | C63: 04 | D63: 09 | E63: 10 | F63: 1 | J63: =J64 -> 323.6 | K63: =K64 -> 265 | L63: =L64 -> 265
A64: Основное мероприятие "Ремонт и содержание дорог в границах поселения, поддержание дорожного полотна в работоспособном состоянии" | B64: 919 | C64: 04 | D64: 09 | E64: 10 | F64: 1 | G64: 04 | J64: =J66 -> 323.6 | K64: =K66 -> 265 | L64: =L66 -> 265
A65: Иные межбюджетные трансферты на финансовое обеспечение расходных обязательств поселений по переданным полномочиям муниципального района Республики Мордовия | B65: 919 | C65: 04 | D65: 09 | E65: 10 | F65: 1 | G65: 04 | H65: 44100 | J65: =J66 -> 323.6 | K65: =K66 -> 265 | L65: =L66 -> 265
A66: осуществление полномочий по дорожной деятельности в отношении автомобильных дорог местного значения в границах населенных пунктов поселения и обеспечению безопасности дорожного движения на них, включая создание и обеспечение функционирования парковок (парковочных мест), осуществлению муниципального контроля за сохранностью автомобильных дорог местного значения в границах населенных пунктов поселения, организации дорожного движения, а также осуществлению иных полномочий в области использования автомобильных дорог и осуществления дорожной деятельности в соответствии с законодательством Российской Федерации | B66: 919 | C66: 04 | D66: 09 | E66: 10 | F66: 1 | G66: 04 | H66: 44102 | J66: =J67 -> 323.6 | K66: =K67 -> 265 | L66: =L67 -> 265
A67: Закупка товаров, работ и услуг для обеспечения государственных (муниципальных) нужд | B67: 919 | C67: 04 | D67: 09 | E67: 10 | F67: 1 | G67: 04 | H67: 44102 | I67: 200 | J67: =J68 -> 323.6 | K67: =K68 -> 265 | L67: =L68 -> 265
A68: Иные закупки товаров, работ и услуг для обеспечения государственных (муниципальных) нужд | B68: 919 | C68: 04 | D68: 09 | E68: 10 | F68: 1 | G68: 04 | H68: 44102 | I68: 240 | J68: 323.6 | K68: 265 | L68: 265
A69: Другие вопросы в области национальной экономики | B69: 919 | C69: 04 | D69: 12 | J69: =J70 -> 402 | K69: =K70 -> 0 | L69: =L70 -> 0
A70: Непрограммные расходы главных распорядителей бюджетных средств Набережного сельского поселения Ромодановского муниципального района Республики Мордовия | B70: 919 | C70: 04 | D70: 12 | E70: 89 | F70: 0 | J70: =J71 -> 402 | K70: 0 | L70: 0
A71: Непрограммные расходы в рамках обеспечения деятельности главных распорядителей бюджетных средств Набережного сельского поселенияРомодановского муниципального района Республики Мордовия | B71: 919 | C71: 04 | D71: 12 | E71: 89 | F71: 1 | J71: =J75+J72 -> 402 | K71: 0 | L71: 0
A72: Мероприятия по землеустройству и землепользованию | B72: 919 | C72: 04 | D72: 12 | E72: 89 | F72: 1 | G72: 00 | H72: 42370 | J72: =J73 -> 61
A73: =A76 -> Закупка товаров, работ и услуг для государственных (муниципальных) нужд | B73: 919 | C73: 04 | D73: 12 | E73: 89 | F73: 1 | G73: 00 | H73: 42370 | I73: 200 | J73: =J74 -> 61
A74: =A77 -> Иные закупки товаров, работ и услуг для обеспечения государственных (муниципальных) нужд | B74: 919 | C74: 04 | D74: 12 | E74: 89 | F74: 1 | G74: 00 | H74: 42370 | I74: 240 | J74: 61
A75: иные межбюджетные трансферты на осуществление полномочий по утверждению генеральных планов поселения | B75: 919 | C75: 04 | D75: 12 | E75: 89 | F75: 1 | G75: 00 | H75: 44107 | J75: =J76 -> 341
A76: =A91 -> Закупка товаров, работ и услуг для государственных (муниципальных) нужд | B76: 919 | C76: 04 | D76: 12 | E76: 89 | F76: 1 | G76: 00 | H76: 44107 | I76: 200 | J76: =J77 -> 341
A77: =A92 -> Иные закупки товаров, работ и услуг для обеспечения государственных (муниципальных) нужд | B77: 919 | C77: 04 | D77: 12 | E77: 89 | F77: 1 | G77: 00 | H77: 44107 | I77: 240 | J77: 341
A78: Жилищно-коммунальное хозяйство | B78: 919 | C78: 05 | J78: =J79+J85 -> 439.8 | K78: =K85 -> 150 | L78: =L85 -> 150
A79: Коммунальное хозяйство | B79: 919 | C79: 05 | D79: 02 | J79: =J80 -> 57.4
A80: Муниципальная программа "Энергосбережение и повышение энергетической эффетивности в Ромодановсом муниципальном районе" | B80: 919 | C80: 05 | D80: 02 | E80: 12 | F80: 00 | J80: =J81 -> 57.4
A81: Основное мероприятие"Субсидирование оформления прав собственности на бесхозяйные объекты инженерной инфраструктуры" | B81: 919 | C81: 05 | D81: 02 | E81: 12 | F81: 00 | G81: 1 | J81: =J82 -> 57.4
A82: Оформление прав собственности на бесхозяйные объекты недвижимого имущества, используемые для передачи энергетических ресурсов | B82: 919 | C82: 05 | D82: 02 | E82: 12 | F82: 00 | G82: 1 | H82: S6140 | J82: =J83 -> 57.4
A83: =A76 -> Закупка товаров, работ и услуг для государственных (муниципальных) нужд | B83: 919 | C83: 05 | D83: 02 | E83: 12 | F83: 00 | G83: 1 | H83: S6140 | I83: 200 | J83: =J84 -> 57.4
A84: =A77 -> Иные закупки товаров, работ и услуг для обеспечения государственных (муниципальных) нужд | B84: 919 | C84: 05 | D84: 02 | E84: 12 | F84: 00 | G84: 1 | H84: S6140 | I84: 240 | J84: 57.4
A85: Благоустройство | B85: 919 | C85: 05 | D85: 03 | J85: =J86 -> 382.4 | K85: =K86 -> 150 | L85: =L86 -> 150
A86: Муниципальная программа "Комплексного развития систем коммунальной инфраструктуры на территории муниципального образования Набережного сельского поселения Ромодановского муниципального района Республики Мордовия на 2018-2028 гг" | B86: 919 | C86: 05 | D86: 03 | E86: 10 | J86: =J88 -> 382.4 | K86: =K88 -> 150 | L86: =L88 -> 150
A87: Подпрограмма "Комплекного развития систем коммунальной инфраструктуры на территории муниципального образования Набережного сельского поселения Ромодановского муниципального района Республики Мордовия на 2018-2028гг" | B87: 919 | C87: 05 | D87: 03 | E87: 10 | F87: 1 | J87: =J88 -> 382.4 | K87: =K88 -> 150 | L87: =L88 -> 150
A88: Основные мероприятия «Благоустройство территории в границах населенных пунктов поселения» | B88: 919 | C88: 05 | D88: 03 | E88: 10 | F88: 1 | G88: 07 | J88: =J89 -> 382.4 | K88: =K90 -> 150 | L88: =L90 -> 150
A89: Мероприятия по благоустройству территорий городских округов и поселений | B89: 919 | C89: 05 | D89: 03 | E89: 10 | F89: 1 | G89: 07 | H89: 43000 | J89: =J90+J93 -> 382.4 | K89: =K90 -> 150 | L89: =L90 -> 150
A90: Уличное освещение | B90: 919 | C90: 05 | D90: 03 | E90: 10 | F90: 1 | G90: 07 | H90: 43010 | J90: =J91 -> 212.5 | K90: =K91 -> 150 | L90: =L91 -> 150
A91: Закупка товаров, работ и услуг для государственных (муниципальных) нужд | B91: 919 | C91: 05 | D91: 03 | E91: 10 | F91: 1 | G91: 07 | H91: 43010 | I91: 200 | J91: =J92 -> 212.5 | K91: =K92 -> 150 | L91: =L92 -> 150
A92: Иные закупки товаров, работ и услуг для обеспечения государственных (муниципальных) нужд | B92: 919 | C92: 05 | D92: 03 | E92: 10 | F92: 1 | G92: 07 | H92: 43010 | I92: 240 | J92: 212.5 | K92: 150 | L92: 150
A93: Прочие мероприятия по благоустройству городских округов и поселений | B93: 919 | C93: 05 | D93: 03 | E93: 10 | F93: 1 | G93: 07 | H93: 43040 | J93: =J94 -> 169.9
A94: =A91 -> Закупка товаров, работ и услуг для государственных (муниципальных) нужд | B94: 919 | C94: 05 | D94: 03 | E94: 10 | F94: 1 | G94: 07 | H94: 43040 | I94: 200 | J94: =J95 -> 169.9
A95: =A92 -> Иные закупки товаров, работ и услуг для обеспечения государственных (муниципальных) нужд | B95: 919 | C95: 05 | D95: 03 | E95: 10 | F95: 1 | G95: 07 | H95: 43040 | I95: 240 | J95: 169.9
A96: Социальная политика | B96: 919 | C96: 10 | J96: =J97 -> 156.9 | K96: =K97 -> 138 | L96: =L97 -> 138
A97: Пенсионное обеспечение | B97: 919 | C97: 10 | D97: 01 | J97: =J98 -> 156.9 | K97: =K98 -> 138 | L97: =L98 -> 138
A98: Непрограммные расходы главных распорядителей бюджетных средств Набережного сельского поселения Ромодановского муниципального района Республики Мордовия | B98: 919 | C98: 10 | D98: 01 | E98: 89 | F98: 0 | J98: =J99 -> 156.9 | K98: =K99 -> 138 | L98: =L99 -> 138
A99: Непрограммные расходы в рамках обеспечения деятельности главных распорядителей бюджетных средств Набережного сельского поселения Ромодановского муниципального района Республики Мордовия | B99: 919 | C99: 10 | D99: 01 | E99: 89 | F99: 1 | J99: =J100 -> 156.9 | K99: =K100 -> 138 | L99: =L100 -> 138
A100: Доплаты к пенсиям муниципальных служащих Республики Мордовия | B100: 919 | C100: 10 | D100: 01 | E100: 89 | F100: 1 | G100: 00 | H100: 03010 | J100: =J101 -> 156.9 | K100: =K101 -> 138 | L100: =L101 -> 138
...

Sheet Приложение 3
H1: Приложение 3 к решению Совета депутатов Набережного сельского поселения Ромодановского муниципального района Республики Мордовия «О бюджете Набережного сельского поселеня Ромодановского муниципального района Республики Мордовия на 2022 год и на плановый период 2023 и 2024 годов»от 29.12.2021г. № 2
A2: РАСПРЕДЕЛЕНИЕ БЮДЖЕТНЫХ АССИГНОВАНИЙ БЮДЖЕТА НАБЕРЕЖНОГО СЕЛЬСКОГО ПОСЕЛЕНИЯ РОМОДАНОВСКОГО МУНИЦИПАЛЬНОГО РАЙОНА РЕСПУБЛИКИ МОРДОВИЯ ПО РАЗДЕЛАМ, ПОДРАЗДЕЛАМ, ЦЕЛЕВЫМ СТАТЬЯМ (МУНИЦИПАЛЬНЫМ ПРОГРАММАМ И НЕПРОГРАММНЫМ НАПРАВЛЕНИЯМ ДЕЯТЕЛЬНОСТИ), ГРУППАМ И ПОДГРУППАМ ВИДОВ РАСХОДОВ КЛАССИФИКАЦИИ РАСХОДОВ БЮДЖЕТОВ НА 2022 ГОД И НА ПЛАНОВЫЙ ПЕРИОД 2023 И 2024 ГОДОВ
H3: (тыс. рублей)
A4: Наименование | B4: Рз | C4: Прз | D4: Цср | H4: Вр | I4: Сумма
I5: 2022 год | J5: 2023 год | K5: 2024 год
A6: 1 | B6: 2 | C6: 3 | D6: 4 | E6: 5 | F6: 6 | G6: 7 | H6: 8 | I6: 9 | J6: 10 | K6: 11
A7: ВСЕГО | I7: =I8+I49+I59+I76+I94 -> 2662.6 | J7: =J8+J49+J59+J76+J94+J101+J27 -> 1279.2 | K7: =K8+K49+K59+K76+K94+K101+K27 -> 1326.1
A8: Общегосударственные вопросы | B8: 01 | I8: =I9+I18+I37+I43 -> 1245 | J8: =J9+J18+J37 -> 488.7 | K8: =K9+K18+K37 -> 500.6
A9: Функционирование высшего должностного лица субъекта Российской Федерации и муниципального образования | B9: 01 | C9: 02 | I9: =I10+I15 -> 503.5 | J9: =J10 -> 220 | K9: =K10 -> 213.7
A10: ='Приложение 2'!A11 -> Обеспечение деятельности аппарата Администрации Набережного сельского поселения Ромодановского муниципального района Республики Мордовия | B10: 01 | C10: 02 | D10: 65 | E10: 0 | I10: =I11 -> 239.5 | J10: =J11 -> 220 | K10: =K11 -> 213.7
A11: Высшее должностное лицо | B11: 01 | C11: 02 | D11: 65 | E11: 1 | I11: =I12 -> 239.5 | J11: =J12 -> 220 | K11: =K12 -> 213.7
A12: Расходы на выплаты по оплате труда высшего должностного лица | B12: 01 | C12: 02 | D12: 65 | E12: 1 | F12: 00 | G12: 41150 | I12: =I13 -> 239.5 | J12: =J13 -> 220 | K12: =K13 -> 213.7
A13: Расходы на выплаты персоналу в целях обеспечения выполнения функций государственными (муниципальными) органами, казенными учреждениями, органами управления государственными внебюджетными фондами | B13: 01 | C13: 02 | D13: 65 | E13: 1 | F13: 00 | G13: 41150 | H13: 100 | I13: =I14 -> 239.5 | J13: =J14 -> 220 | K13: =K14 -> 213.7
A14: Расходы на выплаты персоналу государственных (муниципальных) органов | B14: 01 | C14: 02 | D14: 65 | E14: 1 | F14: 00 | G14: 41150 | H14: 120 | I14: ='Приложение 2'!J15 -> 239.5 | J14: ='Приложение 2'!K15 -> 220 | K14: ='Приложение 2'!L15 -> 213.7
A15: ='Приложение 2'!A16 -> Субсидии на софинансирование расходных обязательств по финансовому обеспечению деятельности органов местного самоуправления и муниципальных учреждений | B15: 01 | C15: 02 | D15: 65 | E15: 1 | F15: 00 | G15: 44205 | I15: =I16 -> 264
A16: ='Приложение 2'!A17 -> Расходы на выплаты персоналу в целях обеспечения выполнения функций государственными (муниципальными),органами, казенными учреждениями, органами управления государственными . внебюджетными фондами | B16: 01 | C16: 02 | D16: 65 | E16: 1 | F16: 00 | G16: 44205 | H16: 100 | I16: =I17 -> 264
A17: ='Приложение 2'!A18 -> Расходы на выплаты персоналу государственных (муниципальных)органов | B17: 01 | C17: 02 | D17: 65 | E17: 1 | F17: 00 | G17: 44205 | H17: 120 | I17: ='Приложение 2'!J18 -> 264
A18: Функционирование Правительства Российской Федерации, высших исполнительных органов государственной власти субъектов Российской Федерации, местных администраций | B18: 01 | C18: 04 | I18: =I19+I32+I24+I27 -> 694.5 | J18: =J19+J32 -> 263.7 | K18: =K19+K32 -> 281.9
A19: =A10 -> Обеспечение деятельности аппарата Администрации Набережного сельского поселения Ромодановского муниципального района Республики Мордовия | B19: 01 | C19: 04 | D19: 65 | E19: 0 | I19: =I20 -> 178.4 | J19: =J20 -> 263.5 | K19: =K20 -> 281.7
A20: ='Приложение 2'!A21 -> Обеспечение деятельности Администрации сельского поселения | B20: 01 | C20: 04 | D20: 65 | E20: 2 | I20: =I21 -> 178.4 | J20: =J21 -> 263.5 | K20: =K21 -> 281.7
A21: Расходы на выплаты по оплате труда работников органов местного самоуправления | B21: 01 | C21: 04 | D21: 65 | E21: 2 | F21: 00 | G21: 41110 | I21: =I22 -> 178.4 | J21: =J22 -> 263.5 | K21: =K22 -> 281.7
A22: Расходы на выплаты персоналу в целях обеспечения выполнения функций государственными (муниципальными) органами, казенными учреждениями, органами управления государственными внебюджетными фондами | B22: 01 | C22: 04 | D22: 65 | E22: 2 | F22: 00 | G22: 41110 | H22: 100 | I22: =I23 -> 178.4 | J22: =J23 -> 263.5 | K22: =K23 -> 281.7
A23: Расходы на выплаты персоналу государственных (муниципальных) органов | B23: 01 | C23: 04 | D23: 65 | E23: 2 | F23: 00 | G23: 41110 | H23: 120 | I23: ='Приложение 2'!J24 -> 178.4 | J23: ='Приложение 2'!K24 -> 263.5 | K23: ='Приложение 2'!L24 -> 281.7
A24: ='Приложение 2'!A30 -> Субсидии на софинансирование расходных обязательств по финансовому обеспечению деятельности органов местного самоуправления и муниципальных учреждений | B24: 01 | C24: 04 | D24: 65 | E24: 2 | F24: 00 | G24: 44205 | I24: =I25 -> 89.8
A25: ='Приложение 2'!A31 -> Расходы на выплаты персоналу в целях обеспечения выполнения функций государственными (муниципальными),органами, казенными учреждениями, органами управления государственными . внебюджетными фондами | B25: 01 | C25: 04 | D25: 65 | E25: 2 | F25: 00 | G25: 44205 | H25: 100 | I25: =I26 -> 89.8
A26: ='Приложение 2'!A32 -> Расходы на выплаты персоналу государственных (муниципальных)органов | B26: 01 | C26: 04 | D26: 65 | E26: 2 | F26: 00 | G26: 44205 | H26: 120 | I26: ='Приложение 2'!J32 -> 89.8
A27: Расходы на обеспечение функций органов местного самоуправления | B27: 01 | C27: 04 | D27: 65 | E27: 2 | F27: 00 | G27: 41120 | I27: =+I28+I30 -> 426.1 | J27: =+J28+J30 -> 115 | K27: =+K28+K30 -> 115
A28: Закупка товаров, работ и услуг для обеспечения государственных (муниципальных) нужд | B28: 01 | C28: 04 | D28: 65 | E28: 2 | F28: 00 | G28: 41120 | H28: 200 | I28: =I29 -> 425.4 | J28: =J29 -> 110 | K28: =K29 -> 110
A29: Иные закупки товаров, работ и услуг для обеспечения государственных (муниципальных) нужд | B29: 01 | C29: 04 | D29: 65 | E29: 2 | F29: 00 | G29: 41120 | H29: 240 | I29: ='Приложение 2'!J27 -> 425.4 | J29: ='Приложение 2'!K27 -> 110 | K29: ='Приложение 2'!L27 -> 110
A30: Иные бюджетные ассигнования | B30: 01 | C30: 04 | D30: 65 | E30: 2 | F30: 00 | G30: 41120 | H30: 800 | I30: =I31 -> 0.7 | J30: =J31 -> 5 | K30: =K31 -> 5
A31: Уплата налогов, сборов и иных платежей | B31: 01 | C31: 04 | D31: 65 | E31: 2 | F31: 00 | G31: 41120 | H31: 850 | I31: ='Приложение 2'!J29 -> 0.7 | J31: ='Приложение 2'!K29 -> 5 | K31: ='Приложение 2'!L29 -> 5
A32: Непрограммные расходы главных распорядителей бюджетных средств Набережного сельского поселения Ромодановского муниципального района Республики Мордовия | B32: 01 | C32: 04 | D32: 89 | E32: 0 | I32: =I33 -> 0.2 | J32: =J33 -> 0.2 | K32: =K33 -> 0.2
A33: Непрограммные расходы в рамках обеспечения деятельности главных распорядителей бюджетных средств Набережного сельского поселения Ромодановского муниципального района Республики Мордовия | B33: 01 | C33: 04 | D33: 89 | E33: 1 | I33: =I34 -> 0.2 | J33: =J34 -> 0.2 | K33: =K34 -> 0.2
A34: Осуществление государственных полномочий Республики Мордовия по определению перечня должностных лиц, уполномоченных составлять протоколы об административных правонарушениях, предусмотренных Законом Республики Мордовия от 15 июня 2015 года № 38-З "Об административной ответственности на территории Республики Мордовия" | B34: 01 | C34: 04 | D34: 89 | E34: 1 | F34: 00 | G34: 77150 | I34: =I35 -> 0.2 | J34: =J35 -> 0.2 | K34: =K35 -> 0.2
A35: Закупка товаров, работ и услуг для обеспечения государственных (муниципальных) нужд | B35: 01 | C35: 04 | D35: 89 | E35: 1 | F35: 00 | G35: 77150 | H35: 200 | I35: =I36 -> 0.2 | J35: =J36 -> 0.2 | K35: =K36 -> 0.2
A36: Иные закупки товаров, работ и услуг для обеспечения государственных (муниципальных) нужд | B36: 01 | C36: 04 | D36: 89 | E36: 1 | F36: 00 | G36: 77150 | H36: 240 | I36: ='Приложение 2'!J37 -> 0.2 | J36: ='Приложение 2'!K37 -> 0.2 | K36: ='Приложение 2'!L37 -> 0.2
A37: Резервные фонды | B37: 01 | C37: 11 | I37: =I38 -> 0 | J37: =J38 -> 5 | K37: =K38 -> 5
A38: Непрограммные расходы главных распорядителей бюджетных средств Набережного сельского поселения Ромодановского муниципального района Республики Мордовия | B38: 01 | C38: 11 | D38: 89 | E38: 0 | I38: =I39 -> 0 | J38: =J39 -> 5 | K38: =K39 -> 5
A39: Непрограммные расходы в рамках обеспечения деятельности главных распорядителей бюджетных средств Набережного сельского поселения Ромодановского муниципального района Республики Мордовия | B39: 01 | C39: 11 | D39: 89 | E39: 1 | I39: =I40 -> 0 | J39: =J40 -> 5 | K39: =K40 -> 5
A40: Резервный фонд Администрации Набережного сельского поселения Ромодановского муниципального района Республики Мордовия | B40: 01 | C40: 11 | D40: 89 | E40: 1 | F40: 00 | G40: 41180 | I40: =I42 -> 0 | J40: =J42 -> 5 | K40: =K42 -> 5
A41: Иные бюджетные ассигнования | B41: 01 | C41: 11 | D41: 89 | E41: 1 | F41: 00 | G41: 41180 | H41: 800 | I41: =I42 -> 0 | J41: =J42 -> 5 | K41: =K42 -> 5
A42: Резервные средства | B42: 01 | C42: 11 | D42: 89 | E42: 1 | F42: 00 | G42: 41180 | H42: 870 | I42: ='Приложение 2'!J43 -> 0 | J42: ='Приложение 2'!K43 -> 5 | K42: ='Приложение 2'!L43 -> 5
A43: ='Приложение 2'!A44 -> Другие общегосударственные вопросы | B43: 01 | C43: 13 | I43: =I44 -> 47
A44: ='Приложение 2'!A45 -> Непрограммные расходы главных распорядителей бюджетных средств Набережного сельского поселения Ромодановского муниципального района Республики Мордовия | B44: 01 | C44: 13 | D44: 89 | E44: 0 | I44: =I45 -> 47
A45: ='Приложение 2'!A46 -> Непрограммные расходы в рамках обеспечения деятельности главных распорядителей бюджетных средств Набережного сельского поселения Ромодановского муниципального района Республики Мордовия | B45: 01 | C45: 13 | D45: 89 | E45: 1 | I45: =I46 -> 47
A46: ='Приложение 2'!A47 -> оценка недвижимости,признание прав и регулирование отношенений по муниципальной собственности | B46: 01 | C46: 13 | D46: 89 | E46: 1 | F46: 00 | G46: 42200 | I46: =I47 -> 47
A47: ='Приложение 2'!A48 -> Закупка товаров, работ и услуг для государственных (муниципальных) нужд | B47: 01 | C47: 13 | D47: 89 | E47: 1 | F47: 00 | G47: 42200 | H47: 200 | I47: =I48 -> 47
A48: ='Приложение 2'!A49 -> Иные закупки товаров, работ и услуг для обеспечения государственных (муниципальных) нужд | B48: 01 | C48: 13 | D48: 89 | E48: 1 | F48: 00 | G48: 42200 | H48: 240 | I48: ='Приложение 2'!J49 -> 47
A49: Национальная оборона | B49: 02 | I49: =I50 -> 95.3 | J49: =J50 -> 92.8 | K49: =K50 -> 96
A50: Мобилизация и вневойсковая подготовка | B50: 02 | C50: 03 | I50: =I51 -> 95.3 | J50: =J51 -> 92.8 | K50: =K51 -> 96
A51: ='Приложение 2'!A52 -> Государственная программа повышения эффективности управления государственными финансами в Республике Мордовия | B51: 02 | C51: 03 | D51: 17 | E51: 0 | I51: =I52 -> 95.3 | J51: =J52 -> 92.8 | K51: =K52 -> 96
A52: Подпрограмма "Повышения эффективности межбюджетных отношений" | B52: 02 | C52: 03 | D52: 17 | E52: 3 | I52: =I53 -> 95.3 | J52: =J53 -> 92.8 | K52: =K53 -> 96
A53: Основное мероприятие: "Обеспечение осуществления органами местного самоуправления отдельных государственных полномочий" | B53: 02 | C53: 03 | D53: 17 | E53: 3 | F53: 02 | I53: =I54 -> 95.3 | J53: =J54 -> 92.8 | K53: =K54 -> 96
A54: ='Приложение 2'!A55 -> Осуществление государственных полномочий Российской Федерации по первичному воинскому учету на территориях,где отсуствуют военные комиссариаты | B54: 02 | C54: 03 | D54: 17 | E54: 3 | F54: 02 | G54: 51180 | I54: =I57+I55 -> 95.3 | J54: =J57+J55 -> 92.8 | K54: =K57+K55 -> 96
A55: Расходы на выплаты персоналу в целях обеспечения выполнения функций государственными (муниципальными) органами, казенными учреждениями, органами управления государственными внебюджетными фондами | B55: 02 | C55: 03 | D55: 17 | E55: 3 | F55: 02 | G55: 51180 | H55: 100 | I55: =I56 -> 91.9 | J55: =J56 -> 87.8 | K55: =K56 -> 91
A56: Расходы на выплаты персоналу государственных (муниципальных) органов | B56: 02 | C56: 03 | D56: 17 | E56: 3 | F56: 02 | G56: 51180 | H56: 120 | I56: ='Приложение 2'!J57 -> 91.9 | J56: ='Приложение 2'!K57 -> 87.8 | K56: ='Приложение 2'!L57 -> 91
A57: Закупка товаров, работ и услуг для государственных (муниципальных) нужд | B57: 02 | C57: 03 | D57: 17 | E57: 3 | F57: 02 | G57: 51180 | H57: 200 | I57: =I58 -> 3.4 | J57: =J58 -> 5 | K57: =K58 -> 5
A58: Иные закупки товаров, работ и услуг для обеспечения государственных (муниципальных) нужд | B58: 02 | C58: 03 | D58: 17 | E58: 3 | F58: 02 | G58: 51180 | H58: 240 | I58: ='Приложение 2'!J59 -> 3.4 | J58: ='Приложение 2'!K59 -> 5 | K58: ='Приложение 2'!L59 -> 5
A59: Национальная экономика | B59: 04 | I59: =I60+I67 -> 725.6 | J59: =J60+J67 -> 265 | K59: =K60+K68 -> 265
A60: Дорожное хозяйство (дорожные фонды) | B60: 04 | C60: 09 | I60: =I61 -> 323.6 | J60: =J61 -> 265 | K60: =K61 -> 265
A61: Муниципальная программа «Комплексного развития транспортной инфраструктуры Набережного сельского поселения Ромодановского муниципального района Республики Мордовия на 2018- 2028 года" | B61: 04 | C61: 09 | D61: 10 | E61: 0 | I61: =I63 -> 323.6 | J61: =J63 -> 265 | K61: =K63 -> 265
A62: ='Приложение 2'!A63 -> Подпрограмма "Комплекного развития транспортной инфраструктуры Набережного сельского поселения Ромодановского муниципального района Республики Мордовия на 2018-2028гг" | B62: 04 | C62: 09 | D62: 10 | E62: 1 | I62: =I63 -> 323.6 | J62: =J63 -> 265 | K62: =K63 -> 265
A63: Основное мероприятие "Ремонт и содержание дорог в границах поселения, поддержание дорожного полотна в работоспособном состоянии" | B63: 04 | C63: 09 | D63: 10 | E63: 1 | F63: 04 | I63: =I64 -> 323.6 | J63: =J64 -> 265 | K63: =K64 -> 265
A64: осуществление полномочий по дорожной деятельности в отношении автомобильных дорог местного значения в границах населенных пунктов поселения и обеспечению безопасности дорожного движения на них, включая создание и обеспечение функционирования парковок (парковочных мест), осуществлению муниципального контроля за сохранностью автомобильных дорог местного значения в границах населенных пунктов поселения, организации дорожного движения, а также осуществлению иных полномочий в области использования автомобильных дорог и осуществления дорожной деятельности в соответствии с законодательством Российской Федерации | B64: 04 | C64: 09 | D64: 10 | E64: 1 | F64: 04 | G64: 44102 | I64: =I65 -> 323.6 | J64: =J65 -> 265 | K64: =K65 -> 265
A65: Закупка товаров, работ и услуг для государственных (муниципальных) нужд | B65: 04 | C65: 09 | D65: 10 | E65: 1 | F65: 04 | G65: 44102 | H65: 200 | I65: =I66 -> 323.6 | J65: =J66 -> 265 | K65: =K66 -> 265
A66: Иные закупки товаров, работ и услуг для обеспечения государственных (муниципальных) нужд | B66: 04 | C66: 09 | D66: 10 | E66: 1 | F66: 04 | G66: 44102 | H66: 240 | I66: ='Приложение 2'!J68 -> 323.6 | J66: ='Приложение 2'!K68 -> 265 | K66: 265
A67: Другие вопросы в области национальной экономики | B67: 04 | C67: 12 | I67: =I68+I75 -> 402 | J67: =J68 -> 0 | K67: =K68 -> 0
A68: Непрограммные расходы главных распорядителей бюджетных средств Набережного сельского поселения Ромодановского муниципального района Республики Мордовия | B68: 04 | C68: 12 | D68: 89 | E68: 0 | I68: =I69 -> 61 | J68: 0 | K68: =K69 -> 0
A69: Непрограммные расходы в рамках обеспечения деятельности главных распорядителей бюджетных средств Набережного сельского поселения Ромодановского муниципального района Республики Мордовия | B69: 04 | C69: 12 | D69: 89 | E69: 1 | I69: =I70 -> 61 | J69: 0 | K69: 0
A70: Мероприятия по землеустройству и землепользованию | B70: 04 | C70: 12 | D70: 89 | E70: 1 | F70: 00 | G70: 42370 | I70: =I71 -> 61 | J70: 0 | K70: 0
A71: Закупка товаров, работ и услуг для государственных (муниципальных) нужд | B71: 04 | C71: 12 | D71: 89 | E71: 1 | F71: 00 | G71: 42370 | H71: 200 | I71: =I72 -> 61 | J71: 0 | K71: 0
A72: Иные закупки товаров, работ и услуг для обеспечения государственных (муниципальных) нужд | B72: 04 | C72: 12 | D72: 89 | E72: 1 | F72: 00 | G72: 42370 | H72: 240 | I72: ='Приложение 2'!J74 -> 61 | J72: ='Приложение 2'!K77 -> 0 | K72: 0
A73: ='Приложение 2'!A75 -> иные межбюджетные трансферты на осуществление полномочий по утверждению генеральных планов поселения | B73: 04 | C73: 12 | D73: 89 | E73: 1 | F73: 00 | G73: 44107 | I73: =I74 -> 341
A74: ='Приложение 2'!A76 -> Закупка товаров, работ и услуг для государственных (муниципальных) нужд | B74: 04 | C74: 12 | D74: 89 | E74: 1 | F74: 00 | G74: 44107 | H74: 200 | I74: =I75 -> 341
A75: ='Приложение 2'!A77 -> Иные закупки товаров, работ и услуг для обеспечения государственных (муниципальных) нужд | B75: 04 | C75: 12 | D75: 89 | E75: 1 | F75: 00 | G75: 44107 | H75: 240 | I75: ='Приложение 2'!J77 -> 341
A76: Жилищно-коммунальное хозяйство | B76: 05 | I76: =I83+I91+I77 -> 439.8 | J76: =J83 -> 150 | K76: =K83 -> 150
A77: ='Приложение 2'!A79 -> Коммунальное хозяйство | B77: 05 | C77: 02 | I77: =I78 -> 57.4
A78: ='Приложение 2'!A80 -> Муниципальная программа "Энергосбережение и повышение энергетической эффетивности в Ромодановсом муниципальном районе" | B78: 05 | C78: 02 | D78: 12 | E78: 00 | I78: =I79 -> 57.4
A79: ='Приложение 2'!A81 -> Основное мероприятие"Субсидирование оформления прав собственности на бесхозяйные объекты инженерной инфраструктуры" | B79: 05 | C79: 02 | D79: 12 | E79: 00 | F79: 1 | I79: =I80 -> 57.4
A80: ='Приложение 2'!A82 -> Оформление прав собственности на бесхозяйные объекты недвижимого имущества, используемые для передачи энергетических ресурсов | B80: 05 | C80: 02 | D80: 12 | E80: 00 | F80: 1 | G80: S6140 | I80: =I81 -> 57.4
A81: =A74 -> Закупка товаров, работ и услуг для государственных (муниципальных) нужд | B81: 05 | C81: 02 | D81: 12 | E81: 00 | F81: 1 | G81: S6140 | H81: 200 | I81: =I82 -> 57.4
A82: =A75 -> Иные закупки товаров, работ и услуг для обеспечения государственных (муниципальных) нужд | B82: 05 | C82: 02 | D82: 12 | E82: 00 | F82: 1 | G82: S6140 | H82: 240 | I82: ='Приложение 2'!J84 -> 57.4
A83: Благоустройство | B83: 05 | C83: 03 | I83: =I84 -> 212.5 | J83: =J84 -> 150 | K83: =K84 -> 150
A84: Муниципальная программа "Комплексное развитие систем коммунальной инфраструктуры на территррии муниципального образования Набережного сельского поселения Ромодановского муниципального района Республики Мордовия на 2018-2028 года" | B84: 05 | C84: 03 | D84: 10 | E84: 0 | I84: =I86 -> 212.5 | J84: =J86 -> 150 | K84: =K86 -> 150
A85: ='Приложение 2'!A87 -> Подпрограмма "Комплекного развития систем коммунальной инфраструктуры на территории муниципального образования Набережного сельского поселения Ромодановского муниципального района Республики Мордовия на 2018-2028гг" | B85: 05 | C85: 03 | D85: 10 | E85: 1 | I85: =I86 -> 212.5 | J85: =J86 -> 150 | K85: =K86 -> 150
A86: ='Приложение 2'!A88 -> Основные мероприятия «Благоустройство территории в границах населенных пунктов поселения» | B86: 05 | C86: 03 | D86: 10 | E86: 1 | F86: 07 | I86: =I88 -> 212.5 | J86: =J88 -> 150 | K86: =K88 -> 150
A87: ='Приложение 2'!A89 -> Мероприятия по благоустройству территорий городских округов и поселений | B87: 05 | C87: 03 | D87: 10 | E87: 1 | F87: 07 | G87: 43000 | I87: =I88 -> 212.5 | J87: =J88 -> 150 | K87: =K88 -> 150
A88: Уличное освещение | B88: 05 | C88: 03 | D88: 10 | E88: 1 | F88: 07 | G88: 43010 | I88: =I89 -> 212.5 | J88: =J89 -> 150 | K88: =K89 -> 150
A89: Закупка товаров, работ и услуг для государственных (муниципальных) нужд | B89: 05 | C89: 03 | D89: 10 | E89: 1 | F89: 07 | G89: 43010 | H89: 200 | I89: =I90 -> 212.5 | J89: =J90 -> 150 | K89: =K90 -> 150
A90: Иные закупки товаров, работ и услуг для обеспечения государственных (муниципальных) нужд | B90: 05 | C90: 03 | D90: 10 | E90: 1 | F90: 07 | G90: 43010 | H90: 240 | I90: ='Приложение 2'!J92 -> 212.5 | J90: ='Приложение 2'!K92 -> 150 | K90: 150
A91: ='Приложение 2'!A93 -> Прочие мероприятия по благоустройству городских округов и поселений | B91: 05 | C91: 03 | D91: 10 | E91: 1 | F91: 07 | G91: 43040 | I91: =I92 -> 169.9
A92: =A89 -> Закупка товаров, работ и услуг для государственных (муниципальных) нужд | B92: 05 | C92: 03 | D92: 10 | E92: 1 | F92: 07 | G92: 43040 | H92: 200 | I92: =I93 -> 169.9
A93: =A90 -> Иные закупки товаров, работ и услуг для обеспечения государственных (муниципальных) нужд | B93: 05 | C93: 03 | D93: 10 | E93: 1 | F93: 07 | G93: 43040 | H93: 240 | I93: ='Приложение 2'!J95 -> 169.9
A94: Социальная политика | B94: 10 | I94: =I95 -> 156.9 | J94: =J95 -> 138 | K94: =K95 -> 138
A95: Пенсионное обеспечение | B95: 10 | C95: 01 | I95: =I96 -> 156.9 | J95: =J96 -> 138 | K95: =K96 -> 138
A96: Непрограммные расходы главных распорядителей бюджетных средств Набережного сельского поселения Ромодановского муниципального района Республики Мордовия | B96: 10 | C96: 01 | D96: 89 | E96: 0 | I96: =I97 -> 156.9 | J96: =J97 -> 138 | K96: =K97 -> 138
A97: Непрограммные расходы в рамках обеспечения деятельности главных распорядителей бюджетных средств Набережного сельского поселения Ромодановского муниципального района Республики Мордовия | B97: 10 | C97: 01 | D97: 89 | E97: 1 | I97: =I98 -> 156.9 | J97: =J98 -> 138 | K97: =K98 -> 138
A98: Доплаты к пенсиям муниципальных служащих Республики Мордовия | B98: 10 | C98: 01 | D98: 89 | E98: 1 | F98: 00 | G98: 03010 | I98: =I99 -> 156.9 | J98: =J99 -> 138 | K98: =K99 -> 138
A99: Социальное обеспечение и иные выплаты населению | B99: 10 | C99: 01 | D99: 89 | E99: 1 | F99: 00 | G99: 03010 | H99: 300 | I99: =I100 -> 156.9 | J99: =J100 -> 138 | K99: =K100 -> 138
A100: Публичные нормативные социальные выплаты гражданам | B100: 10 | C100: 01 | D100: 89 | E100: 1 | F100: 00 | G100: 03010 | H100: 310 | I100: ='Приложение 2'!J102 -> 156.9 | J100: ='Приложение 2'!K102 -> 138 | K100: 138
...

Sheet Приложение 4
I1: Приложение 4 к решению Совета депутатов Набережного сельского поселения Ромодановского муниципального района Республики Мордовия «О бюджете Набережного сельского поселения Ромодановского муниципального района Республики Мордовия на 2022 год и на плановый период 2023 и 2024 годов» от 29.12.2021г № 2
A2: РАСПРЕДЕЛЕНИЕ БЮДЖЕТНЫХ АССИГНОВАНИЙ БЮДЖЕТА НАБЕРЕЖНОГО СЕЛЬСКОГО ПОСЕЛЕНИЯ РОМОДАНОВСКОГО МУНИЦИПАЛЬНОГО РАЙОНА РЕСПУБЛИКИ МОРДОВИЯ ПО ЦЕЛЕВЫМ СТАТЬЯМ (МУНИЦИПАЛЬНЫМ ПРОГРАММАМ И НЕПРОГРАММНЫМ НАПРАВЛЕНИЯМ ДЕЯТЕЛЬНОСТИ), ГРУППАМ И ПОДГРУППАМ ВИДОВ РАСХОДОВ, РАЗДЕЛАМ И ПОДРАЗДЕЛАМ КЛАССИФИКАЦИИ РАСХОДОВ БЮДЖЕТОВ НА 2022 ГОД И НА ПЛАНОВЫЙ ПЕРИОД 2023 И 2024 ГОДОВ
I3: (тыс. рублей)
A4: Наименование | B4: Цср | F4: ВР | G4: Рз | H4: Прз | I4: Адм | J4: Сумма
J5: 2022 год | K5: 2023 год | L5: 2024 год
A6: 1 | B6: 2 | C6: 3 | D6: 4 | E6: 5 | F6: 6 | G6: 7 | H6: 8 | I6: 9 | J6: 10 | K6: 11 | L6: 12
A7: ВСЕГО | J7: =J8+J17+J40+J54+J98+J104+J116+J128+J122+J32+J110 -> 2662.6 | K7: =K8+K17+K40+K54+K98+K104+K128 -> 1279.2 | L7: =L8+L17+L40+L54+L98+L104+L128 -> 1326.1
A8: Муниципальная программа «Комплексного развития транспортной инфраструктуры Набережного сельского поселения Ромодановского муниципального района Республики Мордовия на 2018- 2028 года" | B8: 10 | C8: 0 | J8: =J10 -> 323.6 | K8: =K10 -> 265 | L8: =L10 -> 265
A9: ='Приложение 2'!A63 -> Подпрограмма "Комплекного развития транспортной инфраструктуры Набережного сельского поселения Ромодановского муниципального района Республики Мордовия на 2018-2028гг" | B9: 10 | C9: 1 | J9: =J10 -> 323.6 | K9: =K10 -> 265 | L9: =L10 -> 265
A10: Основное мероприятие "Ремонт и содержание дорог в границах поселения, поддержание дорожного полотна в работоспособном состоянии" | B10: 10 | C10: 1 | D10: 04 | J10: =J11 -> 323.6 | K10: =K11 -> 265 | L10: =L11 -> 265
A11: осуществление полномочий по дорожной деятельности в отношении автомобильных дорог местного значения в границах населенных пунктов поселения и обеспечению безопасности дорожного движения на них, включая создание и обеспечение функционирования парковок (парковочных мест), осуществлению муниципального контроля за сохранностью автомобильных дорог местного значения в границах населенных пунктов поселения, организации дорожного движения, а также осуществлению иных полномочий в области использования автомобильных дорог и осуществления дорожной деятельности в соответствии с законодательством Российской Федерации | B11: 10 | C11: 1 | D11: 04 | E11: 44102 | J11: =J12 -> 323.6 | K11: =K12 -> 265 | L11: =L12 -> 265
A12: Закупка товаров, работ и услуг для обеспечения государственных (муниципальных) нужд | B12: 10 | C12: 1 | D12: 04 | E12: 44102 | F12: 200 | J12: =J13 -> 323.6 | K12: =K13 -> 265 | L12: =L13 -> 265
A13: Иные закупки товаров, работ и услуг для обеспечения государственных (муниципальных) нужд | B13: 10 | C13: 1 | D13: 04 | E13: 44102 | F13: 240 | J13: =J14 -> 323.6 | K13: =K14 -> 265 | L13: =L14 -> 265
A14: Национальная экономика | B14: 10 | C14: 1 | D14: 04 | E14: 44102 | F14: 240 | G14: 04 | J14: =J15 -> 323.6 | K14: =K15 -> 265 | L14: =L15 -> 265
A15: Дорожное хозяйство | B15: 10 | C15: 1 | D15: 04 | E15: 44102 | F15: 240 | G15: 04 | H15: 09 | J15: =J16 -> 323.6 | K15: =K16 -> 265 | L15: =L16 -> 265
A16: Администрация Набережного сельского поселения Ромодановского муниципального района Республики Мордовия | B16: 10 | C16: 1 | D16: 04 | E16: 44102 | F16: 240 | G16: 04 | H16: 09 | I16: 919 | J16: ='Приложение 2'!J68 -> 323.6 | K16: ='Приложение 2'!K68 -> 265 | L16: ='Приложение 2'!L68 -> 265
A17: Муниципальная программа "Комплексное развитие систем коммунальной инфраструктуры на территррии муниципального образования Набережного сельского поселения Ромодановского муниципального района Республики Мордовия на 2018-2028 года" | B17: 10 | C17: 0 | J17: =J19+J26 -> 382.4 | K17: =K19 -> 150 | L17: =L19 -> 150
A18: ='Приложение 2'!A87 -> Подпрограмма "Комплекного развития систем коммунальной инфраструктуры на территории муниципального образования Набережного сельского поселения Ромодановского муниципального района Республики Мордовия на 2018-2028гг" | B18: 10 | C18: 1 | J18: =J19 -> 212.5 | K18: =K19 -> 150 | L18: =L19 -> 150
A19: Основное мероприятие "Благоустройство территории" | B19: 10 | C19: 1 | D19: 07 | J19: =J20 -> 212.5 | K19: =K20 -> 150 | L19: =L20 -> 150
A20: Уличное освещение | B20: 10 | C20: 1 | D20: 07 | E20: 43010 | J20: =J21 -> 212.5 | K20: =K21 -> 150 | L20: =L21 -> 150
A21: Закупка товаров, работ и услуг для обеспечения государственных (муниципальных) нужд | B21: 10 | C21: 1 | D21: 07 | E21: 43010 | F21: 200 | J21: =J22 -> 212.5 | K21: =K22 -> 150 | L21: =L22 -> 150
A22: Иные закупки товаров, работ и услуг для обеспечения государственных (муниципальных) нужд | B22: 10 | C22: 1 | D22: 07 | E22: 43010 | F22: 240 | J22: =J23 -> 212.5 | K22: =K23 -> 150 | L22: =L23 -> 150
A23: Жилищно-коммунальное хозяйство | B23: 10 | C23: 1 | D23: 07 | E23: 43010 | F23: 240 | G23: 05 | J23: =J24 -> 212.5 | K23: =K24 -> 150 | L23: =L24 -> 150
A24: Благоустройство | B24: 10 | C24: 1 | D24: 07 | E24: 43010 | F24: 240 | G24: 05 | H24: 03 | J24: =J25 -> 212.5 | K24: =K25 -> 150 | L24: =L25 -> 150
A25: Администрация Набережного сельского поселения Ромодановского муниципального района Республики Мордовия | B25: 10 | C25: 1 | D25: 01 | E25: 43010 | F25: 240 | G25: 05 | H25: 03 | I25: 919 | J25: ='Приложение 2'!J92 -> 212.5 | K25: ='Приложение 2'!K92 -> 150 | L25: ='Приложение 2'!L92 -> 150
A26: ='Приложение 2'!A93 -> Прочие мероприятия по благоустройству городских округов и поселений | B26: 10 | C26: 1 | D26: 07 | E26: 43040 | J26: =J27 -> 169.9
A27: =A21 -> Закупка товаров, работ и услуг для обеспечения государственных (муниципальных) нужд | B27: 10 | C27: 1 | D27: 07 | E27: 43040 | F27: 200 | J27: =J28 -> 169.9
A28: =A22 -> Иные закупки товаров, работ и услуг для обеспечения государственных (муниципальных) нужд | B28: 10 | C28: 1 | D28: 07 | E28: 43040 | F28: 240 | J28: =J29 -> 169.9
A29: =A23 -> Жилищно-коммунальное хозяйство | B29: 10 | C29: 1 | D29: 07 | E29: 43040 | F29: 240 | G29: 05 | J29: =J30 -> 169.9
A30: =A24 -> Благоустройство | B30: 10 | C30: 1 | D30: 07 | E30: 43040 | F30: 240 | G30: 05 | H30: 03 | J30: =J31 -> 169.9
A31: =A25 -> Администрация Набережного сельского поселения Ромодановского муниципального района Республики Мордовия | B31: 10 | C31: 1 | D31: 07 | E31: 43040 | F31: 240 | G31: 05 | H31: 03 | I31: 919 | J31: ='Приложение 2'!J95 -> 169.9
A32: ='Приложение 2'!A80 -> Муниципальная программа "Энергосбережение и повышение энергетической эффетивности в Ромодановсом муниципальном районе" | B32: 12 | C32: 00 | J32: =J33 -> 57.4
A33: ='Приложение 2'!A81 -> Основное мероприятие"Субсидирование оформления прав собственности на бесхозяйные объекты инженерной инфраструктуры" | B33: 12 | C33: 00 | D33: 1 | J33: =J34 -> 57.4
A34: ='Приложение 2'!A82 -> Оформление прав собственности на бесхозяйные объекты недвижимого имущества, используемые для передачи энергетических ресурсов | B34: 12 | C34: 00 | D34: 1 | E34: S6140 | J34: =J35 -> 57.4
A35: ='Приложение 2'!A83 -> Закупка товаров, работ и услуг для государственных (муниципальных) нужд | B35: 12 | C35: 00 | D35: 1 | E35: S6140 | F35: 200 | J35: =J36 -> 57.4
A36: ='Приложение 2'!A84 -> Иные закупки товаров, работ и услуг для обеспечения государственных (муниципальных) нужд | B36: 12 | C36: 00 | D36: 1 | E36: S6140 | F36: 240 | J36: =J37 -> 57.4
A37: ='Приложение 2'!A78 -> Жилищно-коммунальное хозяйство | B37: 12 | C37: 00 | D37: 1 | E37: S6140 | F37: 240 | G37: 05 | J37: =J38 -> 57.4
A38: ='Приложение 2'!A79 -> Коммунальное хозяйство | B38: 12 | C38: 00 | D38: 1 | E38: S6140 | F38: 240 | G38: 05 | H38: 02 | J38: =J39 -> 57.4
A39: =A31 -> Администрация Набережного сельского поселения Ромодановского муниципального района Республики Мордовия | B39: 12 | C39: 00 | D39: 1 | E39: S6140 | F39: 240 | G39: 05 | H39: 02 | I39: 919 | J39: ='Приложение 2'!J84 -> 57.4
A40: ='Приложение 2'!A52 -> Государственная программа повышения эффективности управления государственными финансами в Республике Мордовия | B40: 17 | C40: 0 | J40: =J41 -> 95.3 | K40: =K41 -> 92.8 | L40: =L41 -> 96
A41: Программа повышения эффективности управления государственными финансами в Республике Мордовия | B41: 17 | C41: 3 | J41: =J42 -> 95.3 | K41: =K42 -> 92.8 | L41: =L42 -> 96
A42: Подпрограмма "Повышения эффективности межбюджетных отношений" | B42: 17 | C42: 3 | D42: 02 | J42: =J43 -> 95.3 | K42: =K43 -> 92.8 | L42: =L43 -> 96
A43: Основное мероприятие: "Обеспечение осуществления органами местного самоуправления отдельных государственных полномочий" | B43: 17 | C43: 3 | D43: 02 | E43: 51180 | J43: =J49+J44 -> 95.3 | K43: =K49+K44 -> 92.8 | L43: =L49+L44 -> 96
A44: Осуществление первичного воинского учета на территориях где отсутствуют военные комиссариаты | B44: 17 | C44: 3 | D44: 02 | E44: 51180 | F44: 100 | J44: =J45 -> 91.9 | K44: =K45 -> 87.8 | L44: =L45 -> 91
A45: Расходы на выплаты персоналу в целях обеспечения выполнения функций государственными (муниципальными) органами, казенными учреждениями, органами управления государственными внебюджетными фондами | B45: 17 | C45: 3 | D45: 02 | E45: 51180 | F45: 120 | J45: =J46 -> 91.9 | K45: =K46 -> 87.8 | L45: =L46 -> 91
A46: ='Приложение 2'!A50 -> Национальная оборона | B46: 17 | C46: 3 | D46: 02 | E46: 51180 | F46: 120 | G46: 02 | J46: =J47 -> 91.9 | K46: =K47 -> 87.8 | L46: =L47 -> 91
A47: ='Приложение 2'!A51 -> Мобилизация и вневойсковая подготовка | B47: 17 | C47: 3 | D47: 02 | E47: 51180 | F47: 120 | G47: 02 | H47: 03 | J47: =J48 -> 91.9 | K47: =K48 -> 87.8 | L47: =L48 -> 91
A48: =A39 -> Администрация Набережного сельского поселения Ромодановского муниципального района Республики Мордовия | B48: 17 | C48: 3 | D48: 02 | E48: 51180 | F48: 120 | G48: 02 | H48: 03 | I48: 919 | J48: ='Приложение 2'!J57 -> 91.9 | K48: ='Приложение 2'!K57 -> 87.8 | L48: ='Приложение 2'!L57 -> 91
A49: ='Приложение 2'!A58 -> Закупка товаров, работ и услуг для государственных (муниципальных) нужд | B49: 17 | C49: 3 | D49: 02 | E49: 51180 | F49: 200 | J49: =J50 -> 3.4 | K49: =K50 -> 5 | L49: =L50 -> 5
A50: ='Приложение 2'!A59 -> Иные закупки товаров, работ и услуг для обеспечения государственных (муниципальных) нужд | B50: 17 | C50: 3 | D50: 02 | E50: 51180 | F50: 240 | J50: =J51 -> 3.4 | K50: =K51 -> 5 | L50: =L51 -> 5
A51: =A46 -> Национальная оборона | B51: 17 | C51: 3 | D51: 02 | E51: 51180 | F51: 240 | G51: 02 | J51: =J52 -> 3.4 | K51: =K52 -> 5 | L51: =L52 -> 5
A52: =A47 -> Мобилизация и вневойсковая подготовка | B52: 17 | C52: 3 | D52: 02 | E52: 51180 | F52: 240 | G52: 02 | H52: 03 | J52: =J53 -> 3.4 | K52: =K53 -> 5 | L52: =L53 -> 5
A53: =A48 -> Администрация Набережного сельского поселения Ромодановского муниципального района Республики Мордовия | B53: 17 | C53: 3 | D53: 02 | E53: 51180 | F53: 240 | G53: 02 | H53: 03 | I53: 919 | J53: ='Приложение 2'!J59 -> 3.4 | K53: ='Приложение 2'!K59 -> 5 | L53: ='Приложение 2'!L59 -> 5
A54: ='Приложение 2'!A11 -> Обеспечение деятельности аппарата Администрации Набережного сельского поселения Ромодановского муниципального района Республики Мордовия | B54: 65 | C54: 0 | J54: =J55+J74+J62 -> 1197.8 | K54: =K55+K68+K74 -> 628.2 | L54: =L55+L68+L74 -> 671.9
A55: ='Приложение 2'!A12 -> Высшее должностное лицо | B55: 65 | C55: 1 | J55: =J56 -> 239.5 | K55: =K56 -> 220 | L55: =L56 -> 213.7
A56: ='Приложение 2'!A13 -> Расходы на выплаты по оплате труда высшего должностного лица | B56: 65 | C56: 1 | D56: 00 | E56: 41150 | J56: =J57 -> 239.5 | K56: =K57 -> 220 | L56: =L57 -> 213.7
A57: ='Приложение 2'!A14 -> Расходы на выплаты персоналу в целях обеспечения выполнения функций государственными (муниципальными) органами, казенными учреждениями, органами управления государственными внебюджетными фондами | B57: 65 | C57: 1 | D57: 00 | E57: 41150 | F57: 100 | J57: =J58 -> 239.5 | K57: =K58 -> 220 | L57: =L58 -> 213.7
A58: ='Приложение 2'!A15 -> Расходы на выплаты персоналу государственных (муниципальных) органов | B58: 65 | C58: 1 | D58: 00 | E58: 41150 | F58: 120 | J58: =J59 -> 239.5 | K58: =K59 -> 220 | L58: =L59 -> 213.7
A59: ='Приложение 2'!A9 -> Общегосударственные вопросы | B59: 65 | C59: 1 | D59: 00 | E59: 41150 | F59: 120 | G59: 01 | J59: =J60 -> 239.5 | K59: =K60 -> 220 | L59: =L60 -> 213.7
A60: ='Приложение 2'!A10 -> Функционирование высшего должностного лица субъекта Российской Федерации и муниципального образования | B60: 65 | C60: 1 | D60: 00 | E60: 41150 | F60: 120 | G60: 01 | H60: 02 | J60: =J61 -> 239.5 | K60: =K61 -> 220 | L60: =L61 -> 213.7
A61: =A53 -> Администрация Набережного сельского поселения Ромодановского муниципального района Республики Мордовия | B61: 65 | C61: 1 | D61: 00 | E61: 41150 | F61: 120 | G61: 01 | H61: 02 | I61: 919 | J61: ='Приложение 2'!J15 -> 239.5 | K61: ='Приложение 2'!K15 -> 220 | L61: ='Приложение 2'!L15 -> 213.7
A62: ='Приложение 2'!A16 -> Субсидии на софинансирование расходных обязательств по финансовому обеспечению деятельности органов местного самоуправления и муниципальных учреждений | B62: 65 | C62: 1 | D62: 00 | E62: 44205 | J62: =J63 -> 264
A63: ='Приложение 2'!A14 -> Расходы на выплаты персоналу в целях обеспечения выполнения функций государственными (муниципальными) органами, казенными учреждениями, органами управления государственными внебюджетными фондами | B63: 65 | C63: 1 | D63: 00 | E63: 44205 | F63: 100 | J63: =J64 -> 264
A64: ='Приложение 2'!A17 -> Расходы на выплаты персоналу в целях обеспечения выполнения функций государственными (муниципальными),органами, казенными учреждениями, органами управления государственными . внебюджетными фондами | B64: 65 | C64: 1 | D64: 00 | E64: 44205 | F64: 120 | J64: =J65 -> 264
A65: ='Приложение 2'!A9 -> Общегосударственные вопросы | B65: 65 | C65: 1 | D65: 00 | E65: 44205 | F65: 120 | G65: 01 | J65: =J66 -> 264
A66: =A60 -> Функционирование высшего должностного лица субъекта Российской Федерации и муниципального образования | B66: 65 | C66: 1 | D66: 00 | E66: 44205 | F66: 120 | G66: 01 | H66: 02 | J66: =J67 -> 264
A67: =A61 -> Администрация Набережного сельского поселения Ромодановского муниципального района Республики Мордовия | B67: 65 | C67: 1 | D67: 00 | E67: 44205 | F67: 120 | G67: 01 | H67: 02 | I67: 919 | J67: ='Приложение 2'!J18 -> 264
A68: =A62 -> Субсидии на софинансирование расходных обязательств по финансовому обеспечению деятельности органов местного самоуправления и муниципальных учреждений | B68: 65 | C68: 1 | D68: 00 | E68: 41990 | K68: =K69 -> 29.7 | L68: =L69 -> 61.5
A69: ='Приложение 3'!A105 -> условно утвержденные расходы | B69: 65 | C69: 1 | D69: 00 | E69: 41990 | F69: 800 | K69: =K70 -> 29.7 | L69: =L70 -> 61.5
A70: ='Приложение 3'!A106 -> Иные бюджетные ассигнования | B70: 65 | C70: 1 | D70: 00 | E70: 41990 | F70: 870 | K70: =K71 -> 29.7 | L70: =L71 -> 61.5
A71: ='Приложение 3'!A107 -> Резервные средства | B71: 65 | C71: 1 | D71: 00 | E71: 41990 | F71: 870 | G71: 99 | K71: =K72 -> 29.7 | L71: =L72 -> 61.5
A72: ='Приложение 3'!A101 -> условно утвержденные расходы | B72: 65 | C72: 1 | D72: 00 | E72: 41990 | F72: 870 | G72: 99 | H72: 99 | K72: =K73 -> 29.7 | L72: =L73 -> 61.5
A73: =A67 -> Администрация Набережного сельского поселения Ромодановского муниципального района Республики Мордовия | B73: 65 | C73: 1 | D73: 00 | E73: 41990 | F73: 870 | G73: 99 | H73: 99 | I73: 919 | K73: ='Приложение 3'!J107 -> 29.7 | L73: ='Приложение 3'!K107 -> 61.5
A74: ='Приложение 2'!A21 -> Обеспечение деятельности Администрации сельского поселения | B74: 65 | C74: 2 | J74: =J75+J87+J93+J81 -> 694.3 | K74: =K75+K87+K93 -> 378.5 | L74: =L75+L87+L93 -> 396.7
A75: ='Приложение 2'!A22 -> Расходы на выплаты по оплате труда работников органов местного самоуправления | B75: 65 | C75: 2 | D75: 00 | E75: 41110 | J75: =J76 -> 178.4 | K75: =K76 -> 263.5 | L75: =L76 -> 281.7
A76: ='Приложение 2'!A23 -> Расходы на выплаты персоналу в целях обеспечения выполнения функций государственными (муниципальными) органами, казенными учреждениями, органами управления государственными внебюджетными фондами | B76: 65 | C76: 2 | D76: 00 | E76: 41110 | F76: 100 | J76: =J77 -> 178.4 | K76: =K77 -> 263.5 | L76: =L77 -> 281.7
A77: Расходы на выплаты персоналу в целях обеспечения выполнения функций государственными (муниципальными) органами, казенными учреждениями, органами управления государственными внебюджетными фондами | B77: 65 | C77: 2 | D77: 00 | E77: 41110 | F77: 120 | J77: =J78 -> 178.4 | K77: =K78 -> 263.5 | L77: =L78 -> 281.7
A78: ='Приложение 2'!A24 -> Расходы на выплаты персоналу государственных (муниципальных) органов | B78: 65 | C78: 2 | D78: 00 | E78: 41110 | F78: 120 | G78: 01 | J78: =J79 -> 178.4 | K78: =K79 -> 263.5 | L78: =L79 -> 281.7
A79: Общегосударственные вопросы | B79: 65 | C79: 2 | D79: 00 | E79: 41110 | F79: 120 | G79: 01 | H79: 04 | J79: =J80 -> 178.4 | K79: =K80 -> 263.5 | L79: =L80 -> 281.7
A80: =A73 -> Администрация Набережного сельского поселения Ромодановского муниципального района Республики Мордовия | B80: 65 | C80: 2 | D80: 00 | E80: 41110 | F80: 120 | G80: 01 | H80: 04 | I80: 919 | J80: ='Приложение 2'!J24 -> 178.4 | K80: ='Приложение 2'!K24 -> 263.5 | L80: ='Приложение 2'!L24 -> 281.7
A81: ='Приложение 2'!A30 -> Субсидии на софинансирование расходных обязательств по финансовому обеспечению деятельности органов местного самоуправления и муниципальных учреждений | B81: 65 | C81: 2 | D81: 00 | E81: 44205 | J81: =J82 -> 89.8
A82: ='Приложение 2'!A31 -> Расходы на выплаты персоналу в целях обеспечения выполнения функций государственными (муниципальными),органами, казенными учреждениями, органами управления государственными . внебюджетными фондами | B82: 65 | C82: 2 | D82: 00 | E82: 44205 | F82: 100 | J82: =J83 -> 89.8
A83: ='Приложение 2'!A32 -> Расходы на выплаты персоналу государственных (муниципальных)органов | B83: 65 | C83: 2 | D83: 00 | E83: 44205 | F83: 120 | J83: =J84 -> 89.8
A84: =A79 -> Общегосударственные вопросы | B84: 65 | C84: 2 | D84: 00 | E84: 44205 | F84: 120 | G84: 01 | J84: =J85 -> 89.8
A85: ='Приложение 2'!A19 -> Функционирование Правительства Российской Федерации, высших исполнительных органов государственной власти субъектов Российской Федерации, местных администраций | B85: 65 | C85: 2 | D85: 00 | E85: 44205 | F85: 120 | G85: 01 | H85: 04 | J85: =J86 -> 89.8
A86: =A80 -> Администрация Набережного сельского поселения Ромодановского муниципального района Республики Мордовия | B86: 65 | C86: 2 | D86: 00 | E86: 44205 | F86: 120 | G86: 01 | H86: 04 | I86: 919 | J86: ='Приложение 2'!J32 -> 89.8
A87: ='Приложение 2'!A25 -> Расходы на обеспечение функций органов местного самоуправления | B87: 65 | C87: 2 | D87: 00 | E87: 41120 | J87: =J88 -> 425.4 | K87: =K88 -> 110 | L87: =L88 -> 110
A88: ='Приложение 2'!A26 -> Закупка товаров, работ и услуг для государственных (муниципальных) нужд | B88: 65 | C88: 2 | D88: 00 | E88: 41120 | F88: 200 | J88: =J90 -> 425.4 | K88: =K90 -> 110 | L88: =L90 -> 110
A89: ='Приложение 2'!A27 -> Иные закупки товаров, работ и услуг для обеспечения государственных (муниципальных) нужд | B89: 65 | C89: 2 | D89: 00 | E89: 41120 | F89: 240 | J89: =J90 -> 425.4 | K89: =K90 -> 110 | L89: =L90 -> 110
A90: ='Приложение 2'!A9 -> Общегосударственные вопросы | B90: 65 | C90: 2 | D90: 00 | E90: 41120 | F90: 240 | G90: 01 | J90: =J91 -> 425.4 | K90: =K91 -> 110 | L90: =L91 -> 110
A91: ='Приложение 2'!A19 -> Функционирование Правительства Российской Федерации, высших исполнительных органов государственной власти субъектов Российской Федерации, местных администраций | B91: 65 | C91: 2 | D91: 00 | E91: 41120 | F91: 240 | G91: 01 | H91: 04 | J91: =J92 -> 425.4 | K91: =K92 -> 110 | L91: =L92 -> 110
A92: =A80 -> Администрация Набережного сельского поселения Ромодановского муниципального района Республики Мордовия | B92: 65 | C92: 2 | D92: 00 | E92: 41120 | F92: 240 | G92: 01 | H92: 04 | I92: 919 | J92: ='Приложение 2'!J27 -> 425.4 | K92: ='Приложение 2'!K27 -> 110 | L92: ='Приложение 2'!L27 -> 110
A93: ='Приложение 2'!A42 -> Иные бюджетные ассигнования | B93: 65 | C93: 2 | D93: 00 | E93: 41120 | F93: 800 | J93: =J94 -> 0.7 | K93: =K94 -> 5 | L93: =L94 -> 5
A94: ='Приложение 2'!A29 -> Уплата налогов, сборов и иных платежей | B94: 65 | C94: 2 | D94: 00 | E94: 41120 | F94: 850 | J94: =J95 -> 0.7 | K94: =K95 -> 5 | L94: =L95 -> 5
A95: ='Приложение 2'!A9 -> Общегосударственные вопросы | B95: 65 | C95: 2 | D95: 00 | E95: 41120 | F95: 850 | G95: 01 | J95: =J96 -> 0.7 | K95: =K96 -> 5 | L95: =L96 -> 5
A96: =A91 -> Функционирование Правительства Российской Федерации, высших исполнительных органов государственной власти субъектов Российской Федерации, местных администраций | B96: 65 | C96: 2 | D96: 00 | E96: 41120 | F96: 850 | G96: 01 | H96: 04 | J96: =J97 -> 0.7 | K96: =K97 -> 5 | L96: =L97 -> 5
A97: =A92 -> Администрация Набережного сельского поселения Ромодановского муниципального района Республики Мордовия | B97: 65 | C97: 2 | D97: 00 | E97: 41120 | F97: 850 | G97: 01 | H97: 04 | I97: 919 | J97: ='Приложение 2'!J29 -> 0.7 | K97: ='Приложение 2'!K29 -> 5 | L97: ='Приложение 2'!L29 -> 5
A98: ='Приложение 2'!A100 -> Доплаты к пенсиям муниципальных служащих Республики Мордовия | B98: 89 | C98: 1 | D98: 00 | E98: 03010 | J98: =J99 -> 156.9 | K98: =K99 -> 138 | L98: =L99 -> 138
A99: ='Приложение 2'!A101 -> Социальное обеспечение и иные выплаты населению | B99: 89 | C99: 1 | D99: 00 | E99: 03010 | F99: 300 | J99: =J100 -> 156.9 | K99: =K100 -> 138 | L99: =L100 -> 138
A100: ='Приложение 2'!A102 -> Публичные нормативные социальные выплаты гражданам | B100: 89 | C100: 1 | D100: 00 | E100: 03010 | F100: 310 | J100: =J101 -> 156.9 | K100: =K101 -> 138 | L100: =L101 -> 138
...

Sheet прил 5
C1: Приложение 6
C2: к решению Совета депутатов Набережного сельского поселения Ромодановского муниципального района Республики Мордовия"О бюджете Набережного сельского поселения Ромодановского муниципального района Республики Мордовия на 2022 год и на плановый период 2023 и 2024 годов"от 29.12.2021г.№ 2
A3: ИСТОЧНИКИ ВНУТРЕННЕГО ФИНАНСИРОВАНИЯ ДЕФИЦИТА БЮДЖЕТА НАБЕРЕЖНОГО СЕЛЬСКОГО ПОСЕЛЕНИЯ РОМОДАНОВСКОГО МУНИЦИПАЛЬНОГО РАЙОНА РЕСПУБЛИКИ МОРДОВИЯ НА 2022 ГОД И НА ПЛАНОВЫЙ ПЕРИОД 2023 и 2024 ГОДОВ
A7: Код | B7: Наименование кода группы, подгруппы, статьи, вида источника финансирования дефицитов бюджетов, кода классификации операций сектора государственного управления, относящихся к источникам финансирования дефицитов бюджетов Российской Федерации | C7: Сумма (тыс. руб.)
C8: 2022 год | D8: 2023 год | E8: 2024 год
A9: 1 | B9: 2 | C9: 3 | D9: 4 | E9: 5
A10: 000 01 00 00 00 00 0000 000 | B10: ИСТОЧНИКИ ВНУТРЕННЕГО ФИНАНСИРОВАНИЯ ДЕФИЦИТОВ БЮДЖЕТОВ | C10: =C11+C22+C14+C18 -> 143.9 | D10: =D11+D22+D14+D18 -> -4.2632564e-14 | E10: =E11+E22+E14+E18 -> -4.2632564e-14
A11: 000 01 02 00 00 00 0000 000 | B11: Кредиты кредитных организаций в валюте Российской Федерации | C11: =SUM(C12) -> 0 | D11: =SUM(D12) -> 0 | E11: =SUM(E12) -> 0
A12: 000 01 02 00 00 00 0000 700 | B12: Привлечение кредитов от кредитных организаций в валюте Российской Федерации | C12: =SUM(C13) -> 0 | D12: =SUM(D13) -> 0 | E12: =SUM(E13) -> 0
A13: 000 01 02 00 00 05 0000 710 | B13: Привлечение муниципальными районами кредитов от кредитных организаций в валюте Российской Федерации
A14: 000 01 03 00 00 00 0000 000 | B14: Бюджетные кредиты из других бюджетов бюджетной системы Российской Федерации | C14: =C15 -> -61.9 | D14: =D15 -> -92.8 | E14: =E15 -> -123.8
A15: 000 01 03 01 00 00 0000 000 | B15: Бюджетные кредиты из других бюджетов бюджетной системы Российской Федерации в валюте Российской Федерации | C15: =C16 -> -61.9 | D15: =D16 -> -92.8 | E15: =E16 -> -123.8
A16: 000 01 03 01 00 00 0000 800 | B16: Погашение бюджетных кредитов, полученных из других бюджетов бюджетной системы Российской Федерации в валюте Российской Федерации | C16: =SUM(C17) -> -61.9 | D16: =SUM(D17) -> -92.8 | E16: =SUM(E17) -> -123.8
A17: 000 01 03 01 00 10 0000 810 | B17: Погашение бюджетами сельских поселений кредитов из других бюджетов бюджетной системы Российской Федерации в валюте Российской Федерации | C17: -61.9 | D17: -92.8 | E17: -123.8
A18: 000 01 06 00 00 00 0000 000 | B18: Иные источники внутреннего финансирования дефицитов бюджетов | C18: =C19 -> 0 | D18: =D19 -> 0 | E18: =E19 -> 0
A19: 000 01 06 05 00 00 0000 000 | B19: Бюджетные кредиты, предоставленные внутри страны в валюте Российской Федерации | C19: =C20 -> 0 | D19: =D20 -> 0 | E19: =E20 -> 0
A20: 000 01 06 05 02 00 0000 600 | B20: Возврат бюджетных кредитов, предоставленных другим бюджетам бюджетной системы Российской Федерации в валюте Российской Федерации | C20: =C21 -> 0 | D20: =D21 -> 0 | E20: =E21 -> 0
A21: 000 01 06 05 02 05 0000 640 | B21: Возврат бюджетных кредитов, предоставленных другим бюджетам бюджетной системы Российской Федерации из бюджетов муниципальных районов в валюте Российской Федерации
A22: 000 01 05 00 00 00 0000 000 | B22: Изменения остатков средств на счетах по учету средств бюджета | C22: =C25+C26 -> 205.8 | D22: =D25+D26 -> 92.8 | E22: =E25+E26 -> 123.8
A23: 000 01 05 02 00 00 0000 500 | B23: Увеличение прочих остатков средств бюджетов | C23: =SUM(C24) -> -2518.7 | D23: =SUM(D24) -> -1279.2 | E23: =SUM(E24) -> -1326.1
A24: 000 01 05 02 01 00 0000 510 | B24: Увеличение прочих остатков денежных средств бюджетов | C24: =SUM(C25) -> -2518.7 | D24: =SUM(D25) -> -1279.2 | E24: =SUM(E25) -> -1326.1
A25: 000 01 05 02 01 10 0000 510 | B25: Увеличение прочих остатков денежных средств бюджетов сельских поселений | C25: =-'Приложение 1'!C11-C30 -> -2518.7 | D25: =-'Приложение 1'!D11-D30 -> -1279.2 | E25: =-'Приложение 1'!E11-E30 -> -1326.1
A26: 000 01 05 02 00 00 0000 600 | B26: Уменьшение прочих остатков средств бюджетов | C26: =SUM(C27) -> 2724.5 | D26: =SUM(D27) -> 1372 | E26: =SUM(E27) -> 1449.9
A27: 000 01 05 02 01 00 0000 610 | B27: Уменьшение прочих остатков денежных средств бюджетов | C27: =SUM(C28) -> 2724.5 | D27: =SUM(D28) -> 1372 | E27: =SUM(E28) -> 1449.9
A28: 000 01 05 02 01 05 0000 610 | B28: Уменьшение прочих остатков денежных средств бюджетов муниципальных районов | C28: =-C17+'Приложение 2'!J7 -> 2724.5 | D28: =-D17+'Приложение 2'!K7 -> 1372 | E28: =-E17+'Приложение 2'!L7 -> 1449.9
A29: 000 01 00 00 00 00 0000 000 | B29: Итого источников внутреннего финансирования дефицита бюджета Набережного сельского поселения Ромодановского муниципального района Республики Мордовия | C29: =C10 -> 143.9 | D29: =D10 -> -4.2632564e-14 | E29: =E10 -> -4.2632564e-14
B30: собственные доходы | C30: 648.6 | D30: 614.6 | E30: 625.1

Sheet Лист1

Sheet Лист2
